 Dungeon Crawl Stone Soup version 0.31-a0-313-g785cd24033 (webtiles) character file.

Game seed: 10731362610537623329

1 AdnanSaban the Shield-Bearer (level 1, -1/14 HPs)
             Began as a Gargoyle Fighter on July 17, 2023.
             Slain by a hobgoblin (3 damage)
             ... on level 1 of the Dungeon.
             The game lasted 00:00:06 (31 turns).

AdnanSaban the Shield-Bearer (Gargoyle Fighter)       Turns: 31, Time: 00:00:07

Health: -1/14      AC:  9    Str: 19    XL:     1   Next: 20%
Magic:  1/1        EV:  9    Int:  8    God:
Gold:   0          SH:  4    Dex:  9    Spells: 0/0 levels left

rFire   . . .        a - +0 flail
rCold   . . .        c - +0 buckler
rNeg    + . .        b - +0 scale mail
rPois   ∞            (no helmet)
rElec   +            (no cloak)
rCorr   .            (no gloves)
SInv    .            (no boots)
Will    .....        (no amulet) Stlth
                     (no ring)
HPRegen 0.22/turn    (no ring)
MPRegen 0.07/turn

%: no passive effects
@: no status effects
A: sickness immunity, AC +2, negative energy resistance 1, electricity
resistance, torment resistance 1, petrification resistance
a: no special abilities


You were on level 1 of the Dungeon.
You visited 1 branch of the dungeon, and saw 1 of its levels.

Inventory:

Hand Weapons
 a - a +0 flail (weapon)
Armour
 b - a +0 scale mail (worn)
 c - a +0 buckler (worn)
Potions
 d - a potion of might


   Skills:
 + Level 3.3 Fighting
 + Level 2.0 Maces & Flails
 + Level 3.3 Armour
 + Level 3.3 Shields


You couldn't memorise any spells.
You didn't know any spells.
Your spell library was empty.

Dungeon Overview and Level Annotations

Branches:
Dungeon (1/15)

Altars:


Innate Abilities, Weirdness & Mutations

You are immune to sickness and miasma.
Your stone body is resilient. (AC +2)
You are immune to poison.
You resist negative energy. (rN+)
You are resistant to electric shocks. (rElec)
You are resistant to unholy torment.
You are immune to petrification.


Message History

You kill the ball python!
The quokka closely misses you. The kobold hits you but does no damage.
You closely miss the quokka.
The quokka bites you but does no damage.
The goblin hits you but does no damage. The kobold misses you.
The hobgoblin hits you but does no damage.
The quokka closely misses you.
You closely miss the quokka. The kobold barely misses you.
The hobgoblin hits you but does no damage.
The quokka bites you. The goblin closely misses you.
The kobold barely misses you.
The quokka bites you but does no damage.
The goblin hits you but does no damage. The hobgoblin hits you.
You hit the quokka but do no damage. The quokka barely misses you.
The goblin hits you with a +0 club. The hobgoblin closely misses you.
The kobold hits you but does no damage.
You hit the quokka but do no damage.
The quokka bites you but does no damage.
The goblin hits you but does no damage. The kobold completely misses you.
The hobgoblin closely misses you. The quokka bites you.
* * * LOW HITPOINT WARNING * * *
You are too injured to fight recklessly!
You are too injured to fight recklessly!
You are too injured to fight recklessly!
You are too injured to fight recklessly!
You are too injured to fight recklessly!
You are too injured to fight recklessly!
You are too injured to fight recklessly!
You are too injured to fight recklessly!
You are too injured to fight recklessly!
You are too injured to fight recklessly!
You are too injured to fight recklessly!
You are too injured to fight recklessly!
You are too injured to fight recklessly!
You are too injured to fight recklessly!
The kobold attacks as you move away!
The kobold hits you with a +0 short sword.
* * * LOW HITPOINT WARNING * * *
The hobgoblin hits you.
You die...

.#.. # ## ...# #.
.##...## #.##....#.# #
#..#...#. # ##.###
#...#..##.##.. #. ...#
##.#...#r†K.....
#.###..##.##...@gK#
#..###.#.#..#..g#S.#
##.#.###..#...#..# ...#
#.##...#.#..#...#..#...#
#..####.##..##.##.......
###..#..#.#.....#..##g..
#..##..##..#...#.#.. .
#<...#...##......#...
########## ######


You could see a quokka, a hobgoblin, a goblin, a ball python and 2 kobolds.

Vanquished Creatures
  A ball python (D:1)
1 creature vanquished.

Notes
Turn   | Place    | Note
-------+----------+-------------------------------------------
     0 | D:1      | AdnanSaban the Gargoyle Fighter began the quest for the
                  | Orb.
     0 | D:1      | Reached XP level 1. HP: 14/14 MP: 1/1
    31 | D:1      | Slain by a hobgoblin

Illustrated notes

Levels and vault maps discovered:
D:1:      erik_arrival_cave_to_civilisation [erik_arrival_cave_to_temple],
          layout_basic

Action                     || total
---------------------------++-------
  Melee: Flail             ||     8
 Armour: Scale mail        ||    17
  Dodge: Dodged            ||    12
  Block: Buckler           ||     2

Table legend: (Time is in decaauts)
 A = Elapsed time spent in this place.
 B = Non-inter-level travel time spent in this place.
 C = Inter-level travel time spent in this place.
 D = Time resting spent in this place.
 E = Time spent auto-exploring this place.
 F = Levels seen in this place.
 G = Mean time per level.
                   A        B        C        D        E       F      G
               +--------+--------+--------+--------+--------+-----+--------+
         Total |     33 |     33 |      0 |      0 |     19 |   1 |   33.0 |
       Dungeon |     33 |     33 |      0 |      0 |     19 |   1 |   33.0 |
               +--------+--------+--------+--------+--------+-----+--------+

Top non-repeatable levels by time:
     D:1: 33 daAuts
